 Dungeon Crawl Stone Soup version 0.31-a0-672-g7da72447bb (webtiles) character file.

Game seed: 9942241600217947715

179 rvierbuc the Trooper (level 5, 0/42 HPs)
             Began as a Demonspawn Cinder Acolyte on Sept 5, 2023.
             Was a High Priest of Ignis.
             Slain by an orc
             ... wielding a +0 morningstar
              (4 damage)
             ... on level 2 of the Dungeon.
             The game lasted 00:09:11 (2545 turns).

rvierbuc the Trooper (Demonspawn Cinder Acolyte)    Turns: 2545, Time: 00:09:12

Health: 0/42       AC:  9    Str: 20 (22) XL:     5   Next: 32%
Magic:  8/8        EV: 11    Int: 15 (16) God:    Ignis [*****.]
Gold:   48         SH:  0    Dex:  6 (8)  Spells: 5/9 levels left

rFire   + . .        a - -1 spear (flame)
rCold   . . .        (no shield)
rNeg    . . .        l - +0 robe "Jeebuat" {Harm Will+ Str+6}
rPois   .            (no helmet)
rElec   .            (no cloak)
rCorr   .            (no gloves)
SInv    .            (no boots)
Will    +....        (no amulet)
Stlth   +            (no ring)
HPRegen 0.27/turn    (no ring)
MPRegen 0.11/turn

%: harm (+30% outgoing, +20% incoming)
@: fiery-armoured
A: powered by pain 1, sturdy frame 1
a: Renounce Religion, Fiery Armour, Foxfire Swarm, Rising Flame


You were on level 2 of the Dungeon.
You worshipped Ignis.
Ignis was extremely pleased with you.
You visited 1 branch of the dungeon, and saw 3 of its levels.

You collected 48 gold pieces.

Inventory:

Hand Weapons
 a - a -1 spear of flaming (weapon)
Armour
 b - a +0 robe
 c - a +0 pair of gloves
 l - the +0 robe "Jeebuat" (worn) {Harm Will+ Str+6}
   (You found it on level 2 of the Dungeon)

   Str+6:     It affects your strength (+6).
   Will+:     It increases your willpower.
   Harm:      It increases damage dealt and taken.
Wands
 n - a wand of flame (16)
Scrolls
 e - a scroll of enchant weapon {unknown}
 h - 2 scrolls of amnesia {unknown}
 i - a scroll of silence {unknown}
 j - a scroll of immolation {unknown}
 k - a scroll of revelation {unknown}
 m - a scroll of identify {unknown}
Potions
 d - a potion of degeneration
 f - a potion of haste {unknown}
 g - 2 potions of magic {unknown}


   Skills:
 + Level 3.9 Fighting
 + Level 3.5 Polearms
 + Level 2.5 Spellcasting
 + Level 3.6 Fire Magic


You had 5 spell levels left.
You knew the following spells:

 Your Spells              Type           Power      Damage    Failure   Level
a - Scorch                Fire           24%        2d6       8%          2
b - Static Discharge      Conj/Air       2%         2-3/arc   32%         2

Your spell library contained the following spells:

 Spells                   Type           Power      Damage    Failure   Level
 Airstrike                Air            0%         2d(1-17)  91%         4
 Summon Lightning Spire   Summ/Air       1%         N/A       91%         4


Dungeon Overview and Level Annotations

Branches:
Dungeon (3/15)

Altars:
Xom

Shops:
D:2 [


Innate Abilities, Weirdness & Mutations

You sometimes gain a little power by taking damage.
Your movements are slightly less encumbered by armour. (ER -2)


Message History

The orc hits you with a +0 hand axe.
You climb upwards.
There is a stone staircase leading down here.
You completely miss the orc. The rat bites you. The orc barely misses you.
The orc closely misses you. The worm bites you!
You hit the orc. You burn the orc.
The orc is moderately wounded.
The rat bites you. The orc closely misses you.
The orc hits you with a +0 hand axe.
* * * LOW HITPOINT WARNING * * *
A protective cloak of flame settles atop you.
The rat bites you but does no damage.
The rat is burned by your cloak of flames.
You kill the rat!
The orc closely misses you. The orc completely misses you.
The worm completely misses you.
Activating: Foxfire Swarm
Press: ? - help, Dir - look around, f - activate Flames leap up around you!
The orc hits you with a +0 morningstar.
* * * LOW HITPOINT WARNING * * *
The orc is burned by your cloak of flames.
The orc is heavily wounded.
The orc barely misses you.
The orc hits your foxfire with a +0 hand axe.
The worm closely misses you.
It was a potion of degeneration.
There was something very wrong with that liquid.
You feel weakened.
You feel dopey.
You feel clumsy.
The foxfire hits the worm.
The worm is moderately wounded.
The foxfire hits the orc.
The orc is heavily wounded.
The foxfire hits the orc.
The orc is heavily wounded.
The foxfire hits the worm.
The worm is severely wounded.
The foxfire hits the orc.
The orc is severely wounded.
The orc hits you with a +0 morningstar.
You die...

#####.### #.# .......#
#########.##### #.####.#
#.............# ...#.#.#
#.####.#...##.#
....##.####.#.........#.########
...†.#.##....#.#.#.............#
......)##.#.#.##.##.###.######.##
.....#.##.#.####o##.# #.# #......
....##.........w@##.###.# #.##.#.
...#.#.##..#####†o......# #.##...
#.####..#).# ###...#### #.###..
...........# ##.....## #......
####...##.[# ##.......## #......
..##.......####.........####....#
..............+.........'.......#
#.####.#...####.........####.....
#.# #.##.## ##.......## #..##.


You could see a worm and 2 orcs.

Vanquished Creatures
  A hound (D:2)
  Natasha (thrice) (D:2)
  An adder (D:2)
  A dart slug (D:1)
  A worm (D:2)
  An orc (D:2)
  6 bats
  8 endoplasms
  3 giant cockroaches
  6 hobgoblins
  3 jackals (D:1)
  4 quokkas
  6 ball pythons
  5 frilled lizards
  4 goblins
  4 kobolds
  5 rats
62 creatures vanquished.

Vanquished Creatures (others)
  5 foxfires (D:2)
5 creatures vanquished.

Grand Total: 67 creatures vanquished

Notes
Turn   | Place    | Note
-------+----------+-------------------------------------------
     0 | D:1      | rvierbuc the Demonspawn Cinder Acolyte began the quest for
                  | the Orb.
     0 | D:1      | Reached XP level 1. HP: 18/18 MP: 2/2
   275 | D:1      | Gained mutation: You sometimes gain a little power by
                  | taking damage. [demonic ancestry]
   275 | D:1      | Reached XP level 2. HP: 24/24 MP: 3/3
   278 | D:1      | Learned a level 2 spell: Scorch
   732 | D:1      | Reached XP level 3. HP: 23/29 MP: 0/5
  1275 | D:2      | Found Reokh's Armour Boutique.
  1497 | D:2      | Identified the +0 robe "Jeebuat" {Harm Will+ Str+6}
  1501 | D:2      | Noticed Natasha
  1508 | D:2      | Killed Natasha
  1573 | D:2      | Gained mutation: Your movements are slightly less
                  | encumbered by armour. (ER -2) [demonic ancestry]
  1573 | D:2      | Reached XP level 4. HP: 35/35 MP: 4/6
  1576 | D:2      | Learned a level 2 spell: Static Discharge
  1620 | D:2      | Noticed Natasha
  1693 | D:2      | Killed Natasha
  1694 | D:2      | Reached XP level 5. HP: 42/42 MP: 4/8
  1954 | D:2      | Noticed Natasha
  1967 | D:2      | Killed Natasha
  2049 | D:2      | Found a shimmering altar of Xom.
  2129 | D:2      | Found a faded altar of an unknown god.
  2545 | D:2      | Slain by an orc

Illustrated notes

Levels and vault maps discovered:
D:1:      ncdulo_watergridlock, layout_loops_corners
D:2:      layout_loops_corners, dreamdust_ecumenical_altar_hidden_monk_grotto,
          serial_shops, nicolae_shop_advertising_works
          [nicolae_subvault_shop_adworks], basic_altar, minmay_nonomino_d4,
          uniq_natasha
D:3:      layout_basic, corexii_leaking_fountain

Skill      XL: |  1  2  3  4 |
---------------+-------------+-----
Fire Magic     | 3 |  3.6
Polearms       | 3 |  3.5
Spellcasting   | 2 |  2.5
Fighting       | |  3.9

Action                     |  1- 3 |  4- 6 || total
---------------------------+-------+-------++-------
  Melee: Spear             |    90 |    67 ||   157
         Punch             |     1 |       ||     1
   Cast: Scorch            |    17 |    10 ||    27
 Invoke: Foxfire Swarm     |       |     1 ||     1
         Fiery Armour      |       |     1 ||     1
    Use: Potion            |       |     1 ||     1
   Stab: Distracted        |       |     1 ||     1
 Armour: Robe              |    40 |    38 ||    78
  Dodge: Dodged            |    44 |    46 ||    90

Table legend: (Time is in decaauts)
 A = Elapsed time spent in this place.
 B = Non-inter-level travel time spent in this place.
 C = Inter-level travel time spent in this place.
 D = Time resting spent in this place.
 E = Time spent auto-exploring this place.
 F = Levels seen in this place.
 G = Mean time per level.
                   A        B        C        D        E       F      G
               +--------+--------+--------+--------+--------+-----+--------+
         Total |   2542 |   2445 |     97 |     95 |   1993 |   3 |  847.3 |
       Dungeon |   2542 |   2445 |     97 |     95 |   1993 |   3 |  847.3 |
               +--------+--------+--------+--------+--------+-----+--------+

Top non-repeatable levels by time:
     D:2: 1272 daAuts
     D:1: 1266 daAuts
     D:3: 3 daAuts
